Map: Prion Terraces

Players

Jakamakala - Winner!

  • Race: Terran Terran
  • League: Grandmaster

Flood

  • Race: Zerg Zerg
  • League: Master

VOD

Have the link to the VOD?

Description

Other than rushing the engages a bit, i'm not sure if there were any key factors that i need to improve on to win in a situation such as this

Time

  • Played on: Jan. 18, 2016, 11:31 p.m.
  • Length: 15:03
Show
View Real Time Build Order
Export as new Build Order

Jakamakala Terran - Winner!

Build Orders: Reaper Expand, Hellion Banshee 

Get SALT Encoding   

  12  0:00  SCV  
  13  0:13  SCV  
  14  0:17  Supply Depot  
  14  0:25  SCV  
  15  0:39  SCV, Barracks  
  16  0:43  Refinery  
  16  0:51  SCV  
  17  1:03  SCV  
  18  1:15  SCV  
  19  1:26  Reaper  
  19  1:27  Orbital Command  
  20  1:39  Command Center  
  20  1:49  Supply Depot  
  20  1:53  SCV  
  21  1:56  Refinery  
  21  1:59  Barracks Reactor  
  21  2:05  SCV  
  22  2:17  SCV  
  22  2:21  Factory  
  23  2:29  SCV  
  24  2:35  Marine x2  
  25  2:37  Supply Depot  
  25  2:48  Supply Depot  
  23  3:09  Marine  
  23  3:10  Marine  
  25  3:21  Hellion  
  27  3:31  Command Center  
  27  3:38  SCV  
  28  3:50  Barracks Tech Lab, Hellion x2, Starport  
  32  3:58  SCV  
  32  3:59  Supply Depot  
  33  4:10  SCV  
  33  4:12  Hellion x2  
  38  4:22  SCV  
  39  4:24  Barracks Tech Lab  
  39  4:33  Banshee, Cloaking Field  
  39  4:34  SCV  
  43  4:41  Hellion  
  45  4:46  SCV  
  45  4:47  Hellion  
  45  4:51  Orbital Command  
  48  4:58  SCV  
  49  5:11  SCV  
  50  5:15  Marine  
  50  5:18  Orbital Command  
  51  5:23  SCV, Factory Reactor  
  51  5:27  Banshee  
  55  5:35  SCV  
  56  5:38  Supply Depot  
  56  5:39  Supply Depot  
  56  5:40  Marine  
  57  5:45  SCV  
  57  5:47  SCV  
  59  5:53  Engineering Bay  
  59  5:56  Engineering Bay  
  59  5:57  SCV  
  59  5:59  SCV  
  61  6:07  Marine  
  61  6:09  SCV, Liberator x2  
  59  6:11  SCV  
  58  6:24  Missile Turret  
  49  6:26  Missile Turret  
  49  6:27  SCV  
  49  6:30  Missile Turret  
  49  6:32  Widow Mine x2  
  57  6:33  SCV  
  57  6:38  Missile Turret  
  57  6:39  SCV  
  56  6:45  SCV  
  57  6:49  Marine  
  57  6:51  SCV  
  59  6:54  Liberator  
  59  6:57  SCV  
  59  7:00  Widow Mine  
  64  7:01  Hellion  
  64  7:09  Barracks Tech Lab  
  64  7:13  SCV  
  68  7:15  Command Center  
  68  7:18  SCV  
  68  7:21  Refinery x2  
  68  7:22  Widow Mine  
  71  7:25  SCV  
  74  7:30  SCV, Hellion  
  74  7:32  Stimpack, Marine  
  76  7:41  Barracks  
  76  7:42  Barracks  
  76  7:49  SCV  
  76  7:51  Terran Infantry Weapons Level 1  
  77  7:53  SCV  
  78  8:01  Liberator  
  78  8:02  Barracks  
  78  8:03  Barracks  
  78  8:12  Missile Turret  
  78  8:15  Supply Depot x3  
  78  8:19  SCV, Marauder, Medivac  
  86  8:26  Armory  
  86  8:27  SCV, Hellion, Widow Mine  
  86  8:29  Orbital Command  
  86  8:30  Missile Turret  
  86  8:31  Barracks Reactor, SCV  
  86  8:32  Barracks Reactor  
  92  8:39  SCV  
  93  8:43  SCV  
  93  8:45  Marine  
  95  8:50  Marine  
  95  8:51  SCV  
  95  8:52  Barracks Reactor  
  95  8:53  Combat Shields, Bunker, Missile Turret  
  95  8:55  Orbital Command  
  97  9:05  Marauder  
  97  9:08  Supply Depot, Marauder  
  101  9:10  SCV  
  101  9:14  Terran Infantry Armor Level 1  
  102  9:24  Marine x3  
  102  9:25  Widow Mine x2  
  102  9:27  Medivac x2  
  113  9:33  Refinery  
  113  9:41  Marine x4  
  113  9:42  Supply Depot  
  113  9:43  Supply Depot  
  117  9:45  Supply Depot  
  117  9:49  Marine x4  
  121  9:59  Marine  
  123  10:00  Marauder, Widow Mine, Marine x2  
  123  10:06  Supply Depot  
  128  10:07  Marine x2  
  128  10:08  Supply Depot x2  
  128  10:12  Marine x2  
  132  10:17  Marine x2  
  132  10:18  Marine  
  137  10:21  Marauder  
  137  10:24  Marine  
  137  10:28  Marine  
  139  10:30  Marauder  
  139  10:32  Widow Mine, Marine  
  139  10:35  Marine x3  
  143  10:42  Marine  
  106  10:43  Marauder  
  106  10:46  Marine  
  106  10:48  Medivac, Widow Mine  
  106  10:49  Marine  
  96  10:50  Terran Infantry Weapons Level 2  
  96  10:52  Marauder  
  96  10:53  Marine x3  
  101  11:00  Marine  
  101  11:03  Marine  
  101  11:04  Marauder  
  101  11:07  Marine  
  101  11:09  Medivac  
  101  11:11  Marine  
  105  11:13  Marauder  
  105  11:14  Terran Infantry Armor Level 2  
  105  11:18  Marine x3  
  109  11:19  Medivac  
  109  11:23  Missile Turret  
  112  11:37  Marauder, Widow Mine x2, Marine x7  
  125  11:43  Factory  
  125  11:46  Medivac  
  127  11:51  Supply Depot  
  127  11:52  Supply Depot  
  127  11:54  Marine x2  
  127  11:55  Barracks, Marine x4  
  127  11:56  Marauder  
  127  11:57  Barracks  
  127  11:58  Marine  
  127  11:59  Barracks  
  136  12:02  Medivac  
  136  12:07  Command Center  
  138  12:12  Marine  
  134  12:25  Marauder, Marine x2  
  134  12:28  Liberator x2  
  129  12:41  Marine  
  129  12:42  Widow Mine x2, Marauder  
  141  12:51  Missile Turret, Marine  
  141  12:53  Missile Turret x2, Marine x2  
  141  12:54  Factory Tech Lab  
  141  12:57  Missile Turret  
  138  13:02  Barracks Reactor  
  129  13:11  Marine  
  129  13:12  Marauder  
  120  13:13  Command Center  
  118  13:22  Barracks Reactor, Marine  
  118  13:24  Missile Turret  
  118  13:26  Missile Turret  
  114  13:29  Marine x4  
  114  13:30  Liberator  
  114  13:31  Liberator  
  114  13:33  Marauder  
  110  13:40  Missile Turret  
  110  13:41  Command Center, Marine x2  
  109  13:44  Marine x2  
  109  13:46  Marine  
  109  13:47  Widow Mine, Marine x3  
  112  13:50  Marine  
  112  13:55  Marauder  
  107  13:59  Marine x2  
  107  14:02  Marine x2  
  108  14:04  Marine  
  108  14:09  Barracks Reactor  
  109  14:16  Marine x4  
  113  14:28  Marine x3  
  116  14:32  Marine  
  116  14:34  Barracks Reactor  
  116  14:36  Marine x2  
Show
View Real Time Build Order
Export as new Build Order

Flood Zerg 

Build Orders: Pool First 

Get SALT Encoding   

  12  0:02  Drone  
  13  0:10  Drone  
  14  0:24  Drone, Extractor  
  14  0:31  Spawning Pool  
  13  0:36  Drone  
  13  0:40  Extractor  
  13  0:42  Drone  
  14  0:49  Overlord  
  16  1:18  Queen, Zergling x6  
  20  1:27  Metabolic Boost  
  20  1:30  Zergling x2  
  21  1:42  Overlord  
  21  2:00  Hatchery  
  20  2:03  Zergling x2  
  21  2:09  Zergling x2  
  22  2:18  Zergling x2  
  23  2:27  Zergling x2  
  23  2:28  Zergling x6  
  26  2:39  Zergling x2  
  25  2:53  Zergling x2  
  24  3:10  Drone  
  24  3:11  Drone x3  
  28  3:14  Queen  
  30  3:21  Drone  
  30  3:22  Lair, Drone  
  31  3:31  Drone, Extractor  
  31  3:36  Drone  
  31  3:37  Drone  
  33  3:44  Spine Crawler  
  32  3:49  Drone  
  32  3:55  Drone x2  
  35  4:09  Overlord  
  35  4:11  Extractor  
  35  4:12  Drone  
  35  4:15  Spore Crawler, Extractor  
  35  4:16  Drone  
  34  4:18  Drone  
  37  4:27  Spire  
  37  4:30  Drone  
  37  4:34  Drone  
  37  4:35  Drone  
  39  4:38  Drone  
  40  4:52  Overlord  
  40  5:01  Zergling x6  
  40  5:05  Overlord  
  43  5:12  Drone x3  
  46  5:15  Extractor  
  46  5:16  Drone x3  
  48  5:34  Spine Crawler  
  47  5:41  Mutalisk  
  47  5:42  Mutalisk x4  
  49  5:45  Mutalisk  
  49  5:49  Overlord  
  59  6:01  Zergling x2  
  60  6:09  Overseer  
  57  6:21  Drone  
  57  6:22  Drone  
  57  6:23  Drone x3  
  58  6:27  Drone x2  
  58  6:28  Drone  
  60  6:37  Mutalisk  
  62  6:44  Hatchery  
  61  6:49  Mutalisk  
  61  6:50  Mutalisk x2  
  65  7:13  Zerg Flyer Weapons Level 1  
  65  7:14  Evolution Chamber, Overlord  
  62  7:20  Hatchery  
  62  7:21  Drone x2  
  63  7:25  Drone  
  63  7:26  Drone  
  63  7:28  Overseer  
  65  7:31  Drone  
  65  7:32  Drone  
  65  7:36  Drone  
  68  7:38  Drone  
  68  7:41  Zerg Melee Weapons Level 1  
  69  7:44  Drone  
  69  7:50  Drone  
  69  7:51  Drone  
  73  7:58  Drone  
  73  7:59  Drone x4  
  77  8:12  Queen  
  79  8:21  Corruptor  
  79  8:24  Overlord  
  81  8:29  Overlord  
  81  8:32  Zergling x12  
  87  8:40  Overseer  
  87  8:42  Overlord  
  87  8:52  Zergling x22  
  97  9:01  Mutalisk  
  97  9:02  Mutalisk x3  
  99  9:08  Overlord  
  105  9:13  Overlord  
  105  9:20  Hatchery  
  104  9:25  Overlord  
  104  9:31  Zerg Flyer Weapons Level 2  
  104  9:32  Overlord  
  104  9:33  Mutalisk x3  
  104  9:35  Overlord  
  104  9:37  Zergling x2  
  111  9:44  Zerg Melee Weapons Level 2  
  111  9:45  Mutalisk x2  
  111  9:46  Mutalisk x2  
  111  9:47  Overlord  
  111  9:48  Overlord  
  119  9:53  Zergling x8  
  119  9:54  Zergling x2  
  124  10:01  Overseer  
  124  10:02  Overseer  
  124  10:04  Overseer  
  124  10:10  Zergling x2  
  124  10:11  Zergling x20  
  124  10:13  Overlord  
  135  10:19  Overseer  
  135  10:27  Overlord  
  94  10:48  Queen  
  94  10:49  Mutalisk  
  95  10:50  Mutalisk x6  
  95  10:53  Zergling x16  
  114  11:04  Zergling x20  
  109  11:12  Zergling x6  
  112  11:20  Zergling x2  
  112  11:21  Zergling x6  
  112  11:24  Pneumatized Carapace  
  116  11:32  Mutalisk  
  116  11:33  Mutalisk x2, Zergling x2  
  116  11:37  Hatchery  
  115  11:47  Zergling x14  
  115  11:48  Zergling x10  
  115  11:52  Baneling Nest  
  126  11:55  Infestation Pit  
  126  12:01  Overlord  
  125  12:08  Zergling x2  
  125  12:09  Zergling x18  
  115  12:30  Zergling x28  
  126  12:45  Zergling x2  
  126  12:46  Zergling x26  
  140  12:52  Hive  
  135  13:07  Zergling x2  
  135  13:08  Zergling x22  
  133  13:13  Overlord  
  132  13:26  Mutalisk x5  
  132  13:27  Mutalisk  
  96  14:00  Mutalisk x7  
  98  14:06  Zergling x2  
  98  14:07  Zergling x26  
  112  14:15  Ultralisk Cavern  
  111  14:20  Zergling x6  
  111  14:21  Zergling x4  
  111  14:23  Overseer x2  
  116  14:26  Overseer  
  115  14:45  Zergling x2  
Tags
 
Add a new tag
Caveats
  • Supply blocks, unpowered buildings, or Contaminate may cause inaccurate times.
  • Supply counts are checked every 10 seconds.